 Dungeon Crawl Stone Soup version 0.27-a0-223-ge082b6e869 (webtiles) character file.

Game seed: 3371072662542418740

6 inqbanana the Skirmisher (level 1, 0/15 (21) HPs)
             Began as a Naga Fighter on Feb 1, 2021.
             Slain by a goblin
             ... wielding a +2 dagger of draining
              (2 damage)
             ... on level 1 of the Dungeon.
             The game lasted 00:00:18 (206 turns).

inqbanana the Skirmisher (Naga Fighter)              Turns: 206, Time: 00:00:20

HP:   0/15 (21)     AC:  3    Str: 18    XL:     1   Next: 90%
MP:   1/1           EV:  5    Int:  8    God:
Gold: 0             SH:  8    Dex: 10    Spells: 0/0 levels left

rFire    . . .     SeeInvis +   a - +0 long sword
rCold    . . .     Faith    .   c - +0 kite shield
rNeg     . . .     Spirit   .   b - +0 scale mail
rPois    +         Reflect  .   (no helmet)
rElec    .         Harm     .   (no cloak)
rCorr    .         Rampage  .   (no gloves)
Will     .....                  (no barding)
Stlth    ..........             (no amulet)
HPRegen  0.05/turn              (no ring)
MPRegen  0.07/turn              (no ring)

@: short of breath, very heavily drained, very slow
A: large, see invisible, deformed body, poison resistance, slowness 2, spit
poison 1, AC +0
a: Spit Poison


You were on level 1 of the Dungeon.
You visited 1 branch of the dungeon, and saw 1 of its levels.

Inventory:

Hand Weapons
 a - a +0 long sword (weapon)
Armour
 b - a +0 scale mail (worn)
 c - a +0 kite shield (worn)
Scrolls
 e - a scroll of immolation {unknown}
Potions
 d - a potion of might


   Skills:
 + Level 3.0 Fighting
 * Level 2.1 Long Blades
 + Level 2.4 Armour
 + Level 0.2 Dodging
 + Level 0.4 Stealth
 + Level 2.4 Shields


You couldn't memorise any spells.
You didn't know any spells.
Your spell library was empty.

Dungeon Overview and Level Annotations

Branches:
Dungeon (1/15)

Altars:


Innate Abilities, Weirdness & Mutations

You cannot wear boots.
Your serpentine skin is tough. (AC +0)
You have supernaturally acute eyesight. (SInv)
Armour fits poorly on your strangely shaped body.
Your system is resistant to poisons. (rPois)
You cover ground very slowly.
You can spit poison.


Message History

The goblin hits you with a +2 dagger of draining.
You feel drained. You block the bat's attack. You block the bat's attack. x2
Press: ? - help, Shift-Dir - straight line, f - bat
Aim: a bat The splash of poison misses the bat.
The splash of poison hits the kobold!
The kobold is poisoned.
You kill the kobold!
The bat hits you.
You closely miss the bat. You block the bat's attack. The bat hits you.
You hit the bat.
You kill the bat!
You closely miss the goblin.
The goblin hits you with a +2 dagger of draining.
You feel drained.
The goblin hits you with a +2 dagger of draining.
* * * LOW HITPOINT WARNING * * *
You feel drained.
You die...

#............#
##............#
..............#
..............#
..............#
..............#
#)# #g# ######
#@#####....#
#..)....##.#
##########.#
#.......# #.
#.####.####
..#.# #.#
#....## #.#.#
#.# ##.#..####
#####.#.# #.#
#.......#
......#.# #.#
#..####..


You could see a goblin.

Vanquished Creatures
  2 bats (D:1)
  A giant cockroach (D:1)
  2 kobolds (D:1)
5 creatures vanquished.

Notes
Turn   | Place    | Note
-------+----------+-------------------------------------------
     0 | D:1      | inqbanana the Naga Fighter began the quest for the Orb.
     0 | D:1      | Reached XP level 1. HP: 21/21 MP: 1/1
   206 | D:1      | Slain by a goblin

Illustrated notes

Levels and vault maps discovered:
D:1:      dpeg_arrival_pits, layout_basic

Action                   || total
-------------------------++-------
Melee: Long sword        ||    14
 Abil: Spit Poison       ||     2
Armor: Scale mail        ||     9
Dodge: Dodged            ||     7
Block: Kite shield       ||    11
       Rpst.: Long sword ||     3

Table legend: (Time is in decaauts)
 A = Elapsed time spent in this place.
 B = Non-inter-level travel time spent in this place.
 C = Inter-level travel time spent in this place.
 D = Time resting spent in this place.
 E = Time spent auto-exploring this place.
 F = Levels seen in this place.
 G = Mean time per level.
                   A        B        C        D        E       F      G
               +--------+--------+--------+--------+--------+-----+--------+
         Total |    258 |    258 |      0 |      0 |    216 |   1 |  258.0 |
       Dungeon |    258 |    258 |      0 |      0 |    216 |   1 |  258.0 |
               +--------+--------+--------+--------+--------+-----+--------+

Top non-repeatable levels by time:
     D:1: 258 daAuts
